 Dungeon Crawl Stone Soup version 0.29.0-4-gdea44cf6ec (webtiles) character file.

Game seed: 2257586387700891518

15 qw the Chopper (level 2, 0/17 HPs)
             Began as a Tengu Warper on Aug 28, 2022.
             Succumbed to their own poison gas
             ... on level 1 of the Dungeon.
             The game lasted 00:00:04 (827 turns).

qw the Chopper (Tengu Warper)                        Turns: 827, Time: 00:00:04

Health: 0/17       AC:  5    Str: 11    XL:     2   Next: 50%
Magic:  6/6        EV: 10    Int: 13    God:
Gold:   36         SH:  0    Dex: 13    Spells: 5/5 levels left

rFire   . . .      SeeInvis .   Y - +0 hand axe (spect)
rCold   . . .      Faith    .   (no shield)
rNeg    . . .      Spirit   .   f - +0 ring mail
rPois   .          Reflect  .   (helmet restricted)
rElec   .          Harm     .   (no cloak)
rCorr   .          Rampage  .   (no gloves)
Will    .....                   (boots unavailable)
Stlth   +.........              (no amulet)
HPRegen 0.05/turn               (no ring)
MPRegen 0.10/turn               (no ring)

@: lethally poisoned (0 -> -9)
A: beak, talons 3
a: no special abilities


You were on level 1 of the Dungeon.
You visited 1 branch of the dungeon, and saw 1 of its levels.

You collected 36 gold pieces.


Innate Abilities, Weirdness & Mutations

You have a beak for a mouth.
You have claws for feet.


   Skills:
 - Level 2.0 Fighting
 + Level 3.3 Axes
 - Level 1.0 Throwing
 - Level 1.1 Armour
 - Level 2.1 Dodging
 - Level 2.0 Spellcasting
 - Level 2.4 Translocations


You had 5 spell levels left.
You didn't know any spells.
Your spell library contained the following spells:

 Spells                   Type           Power      Damage    Failure   Level
 Blink                    Tloc           14%        N/A       34%         2
 Gell's Gravitas          Tloc           7%         N/A       56%         3
 Lesser Beckoning         Tloc           7%         N/A       56%         3
 Teleport Other           Tloc           7%         N/A       56%         3
 Manifold Assault         Tloc           7%         N/A       99%         5

Inventory:

Hand Weapons
 e - a +0 flail
 Y - a +0 spectral hand axe (weapon)
Armour
 f - a +0 ring mail (worn)
Scrolls
 a - a scroll of identify
Potions
 h - a potion of lignification {unknown}

Dungeon Overview and Level Annotations

Branches:
Dungeon (1/15)

Altars:

Shops:
D:1 =


Message History

You continue putting on your +0 ring mail. x5
You finish putting on your +0 ring mail.
814 ||| DROPPING +0 leather armour.
You drop a +0 leather armour.
815 ||| READING 2 scrolls labelled MISITT OJIL.
As you read the scroll labelled MISITT OJIL, it crumbles to dust.
It is a scroll of identify.
Really abort (and waste the scroll)?
816 ||| READING scroll labelled WEIBBY HOCU.
As you read the scroll labelled WEIBBY HOCU, it crumbles to dust.
You feel strangely unstable.
It was a scroll of teleportation.
You start waiting.
Your surroundings suddenly seem different.
820 ||| READING scroll labelled AMYAT HULAIPSENU.
The air fills with toxic fumes!
As you read the scroll labelled AMYAT HULAIPSENU, it crumbles to dust.
It was a scroll of poison.
821 ||| READING scroll labelled DASEESOERI.
As you read the scroll labelled DASEESOERI, it crumbles to dust.
It is a scroll of brand weapon.
Your +0 hand axe acquires a faint afterimage.
Y - a +0 spectral hand axe (weapon)
822 ||| DROPPING scroll of blinking.
You drop a scroll of blinking.
(D) Dungeon
Where to? (* - list waypoints, ? - help)
What level of the Dungeon? (default 1, ? - help) Sorry, I don't know how to get there.
823 ||| Stepping randomly (stuck).
Really walk into that cloud of poison gas?
You are engulfed in poison gas.
You are lethally poisoned!
You feel very sick.
824 ||| Stepping ~*~*~tactically~*~*~ (cloud).
You feel very sick.
You see here a scroll of blinking.
There is a lethal amount of poison in your body!
You feel very sick.
There is a lethal amount of poison in your body!
You feel very sick.
There is a lethal amount of poison in your body!
You die...

.........#7.7.~~~.7.7#.#
#.#.####.#7.........7#.####
.........##..77.77..##....#
#.#.####.#..77P>P77..####)#
..#.##.#.##..#####..####..#
###.##.#.'...~~~~~...'....#
###.##...#############.#..###
......##.##00¤0¤¤¤¤¤¤#.#....#
###.#.##...####0@¤¤¤¤¤0¤..#.###
# #.#.###.#######0#¤¤¤¤¤......#
#.#.###.......###.#00#..#.#.###
#....##.......#......¤.........
###..##......................##
#)..#..(....#.........#.#....
##..##.......#.........#.##.##
#...##.#####.#.........#.##.#
##..#..##.##...#.#.#........#


There were no monsters in sight!

Vanquished Creatures
  3 endoplasms (D:1)
  A giant cockroach (D:1)
  3 goblins (D:1)
  3 hobgoblins (D:1)
  A frilled lizard (D:1)
  A rat (D:1)
12 creatures vanquished.

Notes
Turn   | Place    | Note
-------+----------+-------------------------------------------
     0 | D:1      | qw the Tengu Warper began the quest for the Orb.
     0 | D:1      | Reached XP level 1. HP: 12/12 MP: 4/4
     0 | D:1      | 0 ||| qw: Version: 0.1-a-89-g26bdef1
     0 | D:1      | 0 ||| qw: Game counter: 25
     0 | D:1      | 0 ||| qw: Always use a shield: true
     0 | D:1      | 0 ||| qw: God list: Okawaru
     0 | D:1      | 0 ||| qw: Allow faded altars: false
     0 | D:1      | 0 ||| qw: Do Orc after D:15 true
     0 | D:1      | 0 ||| qw: Do second Lair branch before Depths: true
     0 | D:1      | 0 ||| qw: Lair rune preference: random
     0 | D:1      | 0 ||| qw: Plans: Normal
     0 | D:1      | 0 ||| PLANNING D:1-11
    26 | D:1      | 26 ||| Stepping ~*~*~tactically~*~*~ (stealth).
    85 | D:1      | Found Refites's Jewellery Shop.
   101 | D:1      | 101 ||| SHOPLISTING +4 ring of evasion (360 gold, have 13).
   101 | D:1      | 101 ||| SHOPLISTING amulet of the acrobat (300 gold, have
                  | 13).
   101 | D:1      | 101 ||| SHOPLISTING ring of ice (250 gold, have 13).
   101 | D:1      | 101 ||| SHOPLISTING ring of protection from fire (250 gold,
                  | have 13).
   101 | D:1      | 101 ||| SHOPLISTING ring of see invisible (150 gold, have
                  | 13).
   123 | D:1      | Reached skill level 3 in Axes
   123 | D:1      | Reached XP level 2. HP: 17/17 MP: 6/6
   168 | D:1      | 168 ||| Stepping ~*~*~tactically~*~*~ (stealth).
   169 | D:1      | 169 ||| Stepping ~*~*~tactically~*~*~ (stealth).
   539 | D:1      | 539 ||| Stepping ~*~*~tactically~*~*~ (stealth).
   541 | D:1      | 541 ||| Stepping ~*~*~tactically~*~*~ (stealth).
   804 | D:1      | 804 ||| UPGRADING to +0 ring mail.
   814 | D:1      | 814 ||| DROPPING +0 leather armour.
   815 | D:1      | 815 ||| READING 2 scrolls labelled MISITT OJIL.
   816 | D:1      | 816 ||| READING scroll labelled WEIBBY HOCU.
   820 | D:1      | 820 ||| READING scroll labelled AMYAT HULAIPSENU.
   821 | D:1      | 821 ||| READING scroll labelled DASEESOERI.
   822 | D:1      | 822 ||| DROPPING scroll of blinking.
   823 | D:1      | 823 ||| Stepping randomly (stuck).
   824 | D:1      | 824 ||| Stepping ~*~*~tactically~*~*~ (cloud).
   826 | D:1      | HP: 2/17 [poisoned by you (poison gas)]
   827 | D:1      | Succumbed to their own poison gas

Levels and vault maps discovered:
D:1:      tarquinn_simple_flora_water_b, layout_basic, serial_shops, shop,
          minmay_crystal_room

Skill      XL: |  1 |
---------------+----+-----
Axes           | 3 |  3.3
Fighting       | |  2.0
Throwing       | |  1.0
Armour         | |  1.1
Dodging        | |  2.1
Spellcasting   | |  2.0
Translocations | |  2.4

Action                   || total
-------------------------++-------
Melee: Hand axe          ||    18
       Kick              ||     3
       Peck              ||     1
Throw: Boomerang         ||     7
  Use: Scroll            ||     4
Armor: Leather armour    ||     3
Dodge: Dodged            ||     2

Table legend:
 A = Non-vault XP
 B = Vault XP
 C = Vault XP percentage of total XP
 D = Non-vault monster count
 E = Vault monster count
 F = Vault count percentage of total count
                 A         B        C        D         E       F
            +---------+---------+-------+---------+---------+-------
      Total |      22 |       0 |   0.0 |      12 |       0 |   0.0
            +---------+---------+-------+---------+---------+-------
        D:1 |      22 |       0 |   0.0 |      12 |       0 |   0.0
            +---------+---------+-------+---------+---------+-------
